Predators vs Lightning (R1)

Created - February 4, 2020 at 19:10

Goals
1 2 3 OT1 T
Predators 1 0 0 1 2
Lightning 0 1 0 0 1
Shots
1 2 3 OT1 T
Predators 6 12 6 2 26
Lightning 8 8 0 1 17

1st period

1. Predators , Niclas Bergfors 18 (Ryan Kesler 16, Viktor Fasth) at 10:33

Penalties :
Niclas Bergfors (Nas) for Hooking (Minor) at 1:51, Alexander Edler (Nas) for Hooking (Minor) at 8:19, Ryan Kesler (Nas) for Roughing (Minor) at 16:09, Daniel Carcillo (TB.) for Holding (Minor) at 17:50

2nd period

2. Lightning , Henrik Zetterberg 16 (Tyler Johnson 19) at 5:35

Penalties :
Gilbert Brule (TB.) for Goalie Interference (Minor) at 7:32, Justin Schultz (TB.) for Holding (Minor) at 14:13, Paul Ranger (TB.) for Holding (Minor) at 18:38

3rd period

No Goal

Penalties :
No Penalty

Overtime #1

3. Predators , Niclas Bergfors 19 (Ryan Kesler 17) at 1:14

Penalties :
No Penalty

Goalie Stats

Viktor Fasth (Nas), 16 saves from 17 shots - (0.941), W, 17-9-3, 61:14 minutes
Jaroslav Halak (TB.), 24 saves from 26 shots - (0.923), OTL, 17-16-2, 61:14 minutes

Players Stats for Predators

Player Name              G  A  P  +/- PIM S  H  SB GA TA FO     MP     PP MP  PK MP  
------------------------------------------------------------------------------------
Adam Burish              0  0  0   0  0   1  2  1  0  0  1/1    16:18   0:00   3:01 
Alexander Edler          0  0  0   0  2   3  3  1  3  1  0/0    23:19   4:08   2:04 
Alexander Ovechkin       0  0  0  -1  0   0  3  0  0  0  3/6    22:16   3:47   2:32 
Alexander Steen          0  0  0   0  0   5  2  0  0  1  0/0    14:28   0:05   0:00 
Andy Miele               0  0  0   0  0   3  1  0  0  0  5/6    17:01   0:12   2:56 
Brendan Gallagher        0  0  0  -1  0   1  3  0  0  0  0/2    20:32   3:41   2:12 
Denis Grebeshkov         0  0  0   0  0   0  0  0  0  0  0/0    14:05   0:00   0:00 
Dmitri Kalinin           0  0  0   0  0   0  1  0  0  0  0/0     4:55   0:00   0:44 
James Van Riemsdyk       0  0  0   0  0   0  2  0  0  0  0/1    15:36   3:46   0:00 
John Moore               0  0  0   0  0   3  0  0  0  1  0/0    23:24   3:30   1:36 
Justin Abdelkader        0  0  0   1  0   0  0  0  0  0  0/0     8:32   0:00   0:00 
Mikael Granlund          0  0  0  -1  0   3  1  0  0  0  9/18   20:09   3:47   0:37 
Nate Schmidt             0  0  0   0  0   0  0  0  0  0  0/0    13:53   0:00   2:20 
Niclas Bergfors          2  0  2   2  2   3  2  0  0  0  1/1    18:44   3:46   0:00 
Nik Antropov             0  0  0   1  0   0  1  0  0  0  0/2     7:00   0:00   0:00 
Ryan Kesler              0  2  2   1  2   3  1  0  0  0  4/4    15:51   3:50   0:00 
Ryan Mcdonagh            0  0  0   1  0   0  2  0  0  0  0/0    25:25   4:08   3:19 
Ryan Murray              0  0  0   1  0   1  3  0  0  1  0/0    17:28   3:30   1:15 

Players Stats for Lightning

Player Name              G  A  P  +/- PIM S  H  SB GA TA FO     MP     PP MP  PK MP  
------------------------------------------------------------------------------------
Andy Rogers              0  0  0   0  0   0  0  1  0  0  0/0    25:03   3:14   3:37 
Cameron Schilling        0  0  0   0  0   0  0  0  0  0  0/0    11:19   0:00   0:36 
Daniel Carcillo          0  0  0   0  2   4  1  0  1  0  0/0    19:43   2:51   2:17 
Dany Heatley             0  0  0  -2  0   0  2  0  0  0  0/1    14:15   0:05   0:32 
Gilbert Brule            0  0  0   0  2   2  2  0  1  0  3/10   19:29   2:52   2:01 
Henrik Zetterberg        1  0  1   1  0   2  2  1  0  0  5/9    23:53   2:47   4:13 
James Wright             0  0  0  -1  0   0  1  0  0  1  1/2    13:02   0:00   0:01 
Jon Merrill              0  0  0  -1  0   0  0  0  0  0  0/0    20:06   2:25   4:01 
Justin Schultz           0  0  0  -1  2   0  0  2  1  0  0/0    19:18   2:25   3:01 
Nikita Kucherov          0  0  0  -2  0   4  3  0  0  0  0/0    13:47   0:00   0:00 
Patrick Kaleta           0  0  0   1  0   0  1  1  0  0  0/0    17:20   2:47   0:00 
Paul Ranger              0  0  0   0  2   1  0  0  0  0  0/0    11:09   0:00   0:00 
Pierre-Luc Létourneau    0  0  0   0  0   0  1  0  0  0  1/1    10:14   0:00   2:00 
Rasmus Ristolainen       0  0  0   0  0   0  0  0  0  0  0/0     6:56   0:00   0:00 
Theo Peckham             0  0  0   0  0   0  1  0  0  0  0/0     7:17   0:00   0:24 
Tyler Cuma               0  0  0   0  0   1  2  0  0  0  0/0    24:21   3:14   3:37 
Tyler Johnson            0  1  1   1  0   3  0  1  0  1  8/18   24:18   2:42   4:12 
Tyler Toffoli            0  0  0   0  0   0  2  0  1  1  0/0    15:26   2:52   0:00 

3 Stars

1 - Niclas Bergfors (Nas)
2 - Henrik Zetterberg (TB.)
3 - Ryan Kesler (Nas)

Power Play

Predators - 0 on 4 Attempt(s) - 0.00%
Lightning - 0 on 3 Attempt(s) - 0.00%

Penalty Kill

Predators - 3 on 3 Attempt(s) - 100.00% - Score 0 goal in Penalty Kill
Lightning - 4 on 4 Attempt(s) - 100.00% - Score 0 goal in Penalty Kill

Team Stat

Predators - Hits : 27 - Faceoff Wins : 23 - Blocked Shots : 2 - Penalty Minutes : 6
Lightning - Hits : 18 - Faceoff Wins : 18 - Blocked Shots : 6 - Penalty Minutes : 8

Official

Referees : Unknown
Linesman : Unknown

Game Notes

No Game Note

Finance

Level 1 -- Attendance: 4803 (80.05%) -- Ticket Income $552,345
Level 2 -- Attendance: 4864 (97.28%) -- Ticket Income $311,296
Level 3 -- Attendance: 1781 (89.05%) -- Ticket Income $78,364
Level 4 -- Attendance: 2744 (68.60%) -- Ticket Income $109,760
Luxury Box -- Attendance: 702 (70.20%) -- Ticket Income $150,930
Game was played at the Tampa Bay Stadium.
Total Attendance: 14894 (82.74%)
Total Ticket Income: $1,202,695
Other Income: $180,404
Total Income: $1,383,099

Predators

5 vs 5 Forward 
   Center                   Left Wing                Right Wing               Time % Phy DF OF 
 1 Mikael Granlund          Alexander Ovechkin       Brendan Gallagher        40     1   1  3  
 2 Ryan Kesler              James Van Riemsdyk       Niclas Bergfors          30     1   2  2  
 3 Andy Miele               Alexander Steen          Adam Burish              16     1   2  2  
 4 Nik Antropov             Justin Abdelkader        Niclas Bergfors          14     1   2  2  

5 vs 5 Defense 
   Defense                  Defense                                           Time % Phy DF OF 
 1 Ryan Mcdonagh            Alexander Edler                                   40     1   2  2  
 2 John Moore               Denis Grebeshkov                                  30     1   2  2  
 3 Nate Schmidt             Ryan Murray                                       20     1   2  2  
 4 John Moore               Dmitri Kalinin                                    10     1   2  2  

PowerPlay Forward 
   Center                   Left Wing                Right Wing               Time % Phy DF OF 
 1 Mikael Granlund          Alexander Ovechkin       Brendan Gallagher        60     1   1  3  
 2 Ryan Kesler              James Van Riemsdyk       Niclas Bergfors          40     1   1  3  

PowerPlay Defense
   Defense                  Defense                                           Time % Phy DF OF 
 1 Ryan Mcdonagh            Alexander Edler                                   60     1   1  3  
 2 John Moore               Ryan Murray                                       40     1   1  3  

Penalty Kill 4 Players Forward 
   Center                   Wing                     Time % Phy DF OF 
 1 Andy Miele               Adam Burish              60     1   2  2  
 2 Alexander Ovechkin       Brendan Gallagher        40     1   2  2  

Penalty Kill 4 Players Defense
   Defense                  Defense                  Time % Phy DF OF 
 1 Ryan Mcdonagh            Alexander Edler          60     1   2  2  
 2 John Moore               Nate Schmidt             40     1   2  2  

Penalty Kill - 3 Players Forward 
   Forward                                           Time % Phy DF OF 
 1 Adam Burish                                       60     1   3  1  
 2 Brendan Gallagher                                 40     1   3  1  

Penalty Kill - 3 Players Defense
   Defense                  Defense                  Time % Phy DF OF 
 1 Ryan Mcdonagh            Alexander Edler          60     1   3  1  
 2 John Moore               Nate Schmidt             40     1   3  1  

4 vs 4 Forward 
   Center                   Wing                     Time % Phy DF OF 
 1 Mikael Granlund          Alexander Ovechkin       60     1   2  2  
 2 Ryan Kesler              Niclas Bergfors          40     1   2  2  

4 vs 4 Defense
   Defense                  Defense                  Time % Phy DF OF 
 1 Ryan Mcdonagh            Alexander Edler          60     1   2  2  
 2 John Moore               Denis Grebeshkov         40     1   2  2  

Last Minutes Offensive
   Center                   Left Wing                Right Wing               Defense                  Defense                  
   Ryan Kesler              Alexander Ovechkin       Niclas Bergfors          Ryan Mcdonagh            Alexander Edler          

Last Minutes Defensive
   Center                   Left Wing                Right Wing               Defense                  Defense                  
   Mikael Granlund          Alexander Ovechkin       Brendan Gallagher        Ryan Mcdonagh            Alexander Edler          

Goaltenders
Starting : Viktor Fasth             
Backup : Anders Lindback          

Extra Forwards
Normal : Alexander Steen, Justin Abdelkader, Andy Miele - PP : James Van Riemsdyk, Andy Miele - PK : Brendan Gallagher
Extra Defensemen
Normal : Ryan Mcdonagh, Ryan Murray, Nate Schmidt - PP : Denis Grebeshkov - PK : Ryan Murray, Nate Schmidt
Penalty Shots
Alexander Ovechkin, Niclas Bergfors, Andy Miele, Mikael Granlund, James Van Riemsdyk

Scratches
Byron Bitz (Suspend)

Lightning

5 vs 5 Forward 
   Center                   Left Wing                Right Wing               Time % Phy DF OF 
 1 Tyler Johnson            Henrik Zetterberg        Patrick Kaleta           40     1   2  2  
 2 Gilbert Brule            Daniel Carcillo          Tyler Toffoli            30     1   2  2  
 3 James Wright             Dany Heatley             Nikita Kucherov          20     1   2  2  
 4 Henrik Zetterberg        Pierre-Luc Létourneau    Tyler Johnson            10     1   2  2  

5 vs 5 Defense 
   Defense                  Defense                                           Time % Phy DF OF 
 1 Andy Rogers              Tyler Cuma                                        40     1   2  2  
 2 Justin Schultz           Jon Merrill                                       30     1   2  2  
 3 Paul Ranger              Cameron Schilling                                 20     1   2  2  
 4 Theo Peckham             Rasmus Ristolainen                                10     1   2  2  

PowerPlay Forward 
   Center                   Left Wing                Right Wing               Time % Phy DF OF 
 1 Tyler Johnson            Henrik Zetterberg        Patrick Kaleta           60     1   2  2  
 2 Gilbert Brule            Daniel Carcillo          Tyler Toffoli            40     1   2  2  

PowerPlay Defense
   Defense                  Defense                                           Time % Phy DF OF 
 1 Andy Rogers              Tyler Cuma                                        60     1   2  2  
 2 Justin Schultz           Jon Merrill                                       40     1   2  2  

Penalty Kill 4 Players Forward 
   Center                   Wing                     Time % Phy DF OF 
 1 Henrik Zetterberg        Tyler Johnson            60     1   2  2  
 2 Gilbert Brule            Daniel Carcillo          40     1   2  2  

Penalty Kill 4 Players Defense
   Defense                  Defense                  Time % Phy DF OF 
 1 Andy Rogers              Tyler Cuma               60     1   2  2  
 2 Justin Schultz           Jon Merrill              40     1   2  2  

Penalty Kill - 3 Players Forward 
   Forward                                           Time % Phy DF OF 
 1 Henrik Zetterberg                                 60     1   2  2  
 2 Tyler Johnson                                     40     1   2  2  

Penalty Kill - 3 Players Defense
   Defense                  Defense                  Time % Phy DF OF 
 1 Andy Rogers              Tyler Cuma               60     1   2  2  
 2 Justin Schultz           Jon Merrill              40     1   2  2  

4 vs 4 Forward 
   Center                   Wing                     Time % Phy DF OF 
 1 Henrik Zetterberg        Tyler Johnson            60     1   2  2  
 2 Gilbert Brule            Daniel Carcillo          40     1   2  2  

4 vs 4 Defense
   Defense                  Defense                  Time % Phy DF OF 
 1 Andy Rogers              Tyler Cuma               60     1   2  2  
 2 Justin Schultz           Jon Merrill              40     1   2  2  

Last Minutes Offensive
   Center                   Left Wing                Right Wing               Defense                  Defense                  
   Tyler Johnson            Henrik Zetterberg        Patrick Kaleta           Andy Rogers              Tyler Cuma               

Last Minutes Defensive
   Center                   Left Wing                Right Wing               Defense                  Defense                  
   Tyler Johnson            Henrik Zetterberg        Patrick Kaleta           Andy Rogers              Tyler Cuma               

Goaltenders
Starting : Jaroslav Halak           
Backup : Jhonas Enroth            

Extra Forwards
Normal : Dany Heatley, Nikita Kucherov, Pierre-Luc Létourneau - PP : Dany Heatley, Nikita Kucherov - PK : Pierre-Luc Létourneau
Extra Defensemen
Normal : Paul Ranger, Cameron Schilling, Theo Peckham - PP : Paul Ranger - PK : Cameron Schilling, Theo Peckham
Penalty Shots
Henrik Zetterberg, Tyler Johnson, Gilbert Brule, Daniel Carcillo, Patrick Kaleta

Scratches
Jack Skille (Healthy), Teuvo Teravainen (Healthy), Mikael Backlund (Healthy)

% Time on Ice - Predators

Lines # - Real PCT - Wanted PCT - Time Play
Normal Forward
1 - 33% - 40% - 15:21
2 - 28% - 30% - 13:02
3 - 25% - 16% - 11:49
4 - 13% - 14% - 6:13
Normal Defense
1 - 35% - 40% - 16:26
2 - 31% - 30% - 14:29
3 - 24% - 20% - 11:19
4 - 9% - 10% - 4:11
PP Forward
1 - 51% - 60% - 3:52
2 - 49% - 40% - 3:46
PP Defense
1 - 54% - 60% - 4:08
2 - 46% - 40% - 3:30
PK Forward
1 - 62% - 60% - 3:30
2 - 38% - 40% - 2:09
PK Defense
1 - 72% - 60% - 4:03
2 - 28% - 40% - 1:36
PK3 Forward
1 - 0% - 60%
2 - 0% - 40%
PK3 Defense
1 - 0% - 60%
2 - 0% - 40%
44 Forward
1 - 88% - 60% - 1:21
2 - 12% - 40% - 0:11
44 Defense
1 - 62% - 60% - 0:57
2 - 38% - 40% - 0:35
Last Minute Offensive  - 0:00
Last Minute Defensive  - 0:00
Total
Forward - 61:14
Defense - 61:14

% Time on Ice - Lightning

Lines # - Real PCT - Wanted PCT - Time Play
Normal Forward
1 - 34% - 40% - 15:38
2 - 32% - 30% - 14:38
3 - 25% - 20% - 11:23
4 - 10% - 10% - 4:46
Normal Defense
1 - 35% - 40% - 16:10
2 - 28% - 30% - 13:12
3 - 22% - 20% - 10:17
4 - 15% - 10% - 6:46
PP Forward
1 - 49% - 60% - 2:47
2 - 51% - 40% - 2:52
PP Defense
1 - 57% - 60% - 3:14
2 - 43% - 40% - 2:25
PK Forward
1 - 73% - 60% - 5:33
2 - 27% - 40% - 2:05
PK Defense
1 - 47% - 60% - 3:37
2 - 53% - 40% - 4:01
PK3 Forward
1 - 0% - 60%
2 - 0% - 40%
PK3 Defense
1 - 0% - 60%
2 - 0% - 40%
44 Forward
1 - 78% - 60% - 1:12
2 - 22% - 40% - 0:20
44 Defense
1 - 87% - 60% - 1:20
2 - 13% - 40% - 0:12
Last Minute Offensive  - 0:00
Last Minute Defensive  - 0:00
Total
Forward - 61:14
Defense - 61:14

Play-by-Play

1st period


0:01 of 1st period - Tyler Johnson wins face-off versus Brendan Gallagher in neutral zone.
1:08 of 1st period - Snap shot by Nikita Kucherov.
1:08 of 1st period - Stopped by Viktor Fasth without a rebound.
1:09 of 1st period - Henrik Zetterberg wins face-off versus Nik Antropov in Predators zone.
1:16 of 1st period - Slapshot by Henrik Zetterberg.
1:16 of 1st period - Stopped by Viktor Fasth without a rebound.
1:17 of 1st period - Mikael Granlund wins face-off versus Tyler Johnson in Predators zone.
1:51 of 1st period - Minor Penalty to Niclas Bergfors for Hooking.
1:52 of 1st period - Andy Miele wins face-off versus Henrik Zetterberg in Predators zone.
3:51 of 1st period - Penalty to Niclas Bergfors is over, Niclas Bergfors is back on ice.
3:58 of 1st period - Denis Grebeshkov is hit by Dany Heatley.
4:19 of 1st period - Tyler Johnson is hit by Niclas Bergfors and loses puck.
4:32 of 1st period - Ryan Mcdonagh is hit by Nikita Kucherov and loses puck.
4:57 of 1st period - Snap shot by Andy Miele.
4:57 of 1st period - Shot Blocked by Tyler Johnson.
5:25 of 1st period - Andy Rogers is hit by Ryan Murray and loses puck.
5:36 of 1st period - Patrick Kaleta is hit by Nik Antropov and loses puck.
5:51 of 1st period - Niclas Bergfors is hit by Gilbert Brule and loses puck.
6:45 of 1st period - Cameron Schilling is hit by Alexander Ovechkin.
7:59 of 1st period - Tyler Johnson is hit by Adam Burish and loses puck.
8:19 of 1st period - Minor Penalty to Alexander Edler for Hooking.
8:20 of 1st period - Andy Miele wins face-off versus Tyler Johnson in Predators zone.
9:44 of 1st period - Icing by Daniel Carcillo.
9:45 of 1st period - Andy Miele wins face-off versus Gilbert Brule in Lightning zone.
9:46 of 1st period - Snap shot by Alexander Ovechkin.
9:46 of 1st period - Shot Misses the Net.
10:19 of 1st period - Penalty to Alexander Edler is over, Alexander Edler is back on ice.
10:31 of 1st period - Slapshot by Niclas Bergfors.
10:31 of 1st period - Shot Misses the Net.
10:33 of 1st period - Snap shot by Niclas Bergfors.
10:33 of 1st period - Goal by Niclas Bergfors - Predators : 1 - Lightning : 0.
10:34 of 1st period - Alexander Ovechkin wins face-off versus Gilbert Brule in neutral zone.
11:20 of 1st period - Wrist shot by Andy Miele.
11:20 of 1st period - Stopped by Jaroslav Halak without a rebound.
11:21 of 1st period - James Wright wins face-off versus Andy Miele in Lightning zone.
11:28 of 1st period - Snap shot by Nikita Kucherov.
11:28 of 1st period - Stopped by Viktor Fasth with a rebound.
11:30 of 1st period - Wrist shot by Andy Rogers.
11:30 of 1st period - Deflect By Nikita Kucherov.
11:30 of 1st period - Stopped by Viktor Fasth without a rebound.
11:31 of 1st period - Mikael Granlund wins face-off versus Tyler Johnson in Predators zone.
11:48 of 1st period - Snap shot by Alexander Ovechkin.
11:48 of 1st period - Shot Misses the Net.
12:04 of 1st period - Wrist shot by Tyler Johnson.
12:04 of 1st period - Deflect By Adam Burish.
12:04 of 1st period - Stopped by Viktor Fasth with a rebound.
12:22 of 1st period - Snap shot by Tyler Johnson.
12:22 of 1st period - Stopped by Viktor Fasth with a rebound.
12:39 of 1st period - Backhand shot by Andy Miele.
12:39 of 1st period - Shot Misses the Net.
12:41 of 1st period - Slapshot by Ryan Murray.
12:41 of 1st period - Shot Misses the Net.
12:43 of 1st period - Wrist shot by Andy Miele.
12:43 of 1st period - Shot Blocked by Patrick Kaleta.
12:45 of 1st period - Slapshot by Andy Miele.
12:45 of 1st period - Stopped by Jaroslav Halak without a rebound.
12:46 of 1st period - Gilbert Brule wins face-off versus Brendan Gallagher in Lightning zone.
12:46 of 1st period - Gilbert Brule is hit by Alexander Ovechkin.
12:54 of 1st period - Wrist shot by Daniel Carcillo.
12:54 of 1st period - Stopped by Viktor Fasth with a rebound.
12:56 of 1st period - Slapshot by Daniel Carcillo.
12:56 of 1st period - Stopped by Viktor Fasth without a rebound.
12:57 of 1st period - Mikael Granlund wins face-off versus Gilbert Brule in Predators zone.
12:57 of 1st period - Mikael Granlund is hit by Tyler Toffoli.
13:07 of 1st period - Slapshot by Gilbert Brule.
13:07 of 1st period - Shot Misses the Net.
13:13 of 1st period - Slapshot by Mikael Granlund.
13:13 of 1st period - Stopped by Jaroslav Halak with a rebound.
13:56 of 1st period - Wrist shot by Justin Abdelkader.
13:56 of 1st period - Shot Misses the Net.
15:02 of 1st period - Wrist shot by Mikael Granlund.
15:02 of 1st period - Shot Hit the Post.
16:09 of 1st period - Minor Penalty to Ryan Kesler for Roughing.
16:10 of 1st period - Andy Miele wins face-off versus Tyler Johnson in Predators zone.
16:40 of 1st period - Off-side.
16:41 of 1st period - Alexander Ovechkin wins face-off versus Gilbert Brule in neutral zone.
17:06 of 1st period - John Moore is hit by Henrik Zetterberg and loses puck.
17:22 of 1st period - Slapshot by Alexander Edler.
17:22 of 1st period - Stopped by Jaroslav Halak without a rebound.
17:23 of 1st period - Andy Miele wins face-off versus Gilbert Brule in Lightning zone.
17:50 of 1st period - Minor Penalty to Daniel Carcillo for Holding.
17:51 of 1st period - Henrik Zetterberg wins face-off versus Mikael Granlund in Lightning zone.
18:01 of 1st period - Andy Rogers is hit by Alexander Edler and loses puck.
18:08 of 1st period - Snap shot by Tyler Johnson.
18:08 of 1st period - Shot Blocked by Alexander Edler.
18:09 of 1st period - Penalty to Ryan Kesler is over, Ryan Kesler is back on ice.
18:18 of 1st period - Andy Rogers is hit by Niclas Bergfors and loses puck.
18:25 of 1st period - Wrist shot by Niclas Bergfors.
18:25 of 1st period - Shot Misses the Net.
18:27 of 1st period - Wrist shot by Alexander Edler.
18:27 of 1st period - Stopped by Jaroslav Halak with a rebound.
19:50 of 1st period - Penalty to Daniel Carcillo is over, Daniel Carcillo is back on ice.
Goals for this period are 1 for Predators vs 0 for Lightning .
Shots for this period are 6 for Predators vs 8 for Lightning .

2nd period


0:01 of 2nd period - Mikael Granlund wins face-off versus Tyler Johnson in neutral zone.
0:17 of 2nd period - Alexander Ovechkin is hit by Patrick Kaleta and loses puck.
0:37 of 2nd period - Alexander Edler is hit by Daniel Carcillo and loses puck.
0:41 of 2nd period - Icing by Niclas Bergfors.
0:42 of 2nd period - Ryan Kesler wins face-off versus Tyler Johnson in Predators zone.
0:52 of 2nd period - Off-side.
0:53 of 2nd period - Tyler Johnson wins face-off versus Alexander Ovechkin in neutral zone.
1:07 of 2nd period - Wrist shot by Henrik Zetterberg.
1:07 of 2nd period - Shot Misses the Net.
1:09 of 2nd period - Slapshot by Jon Merrill.
1:09 of 2nd period - Shot Misses the Net.
1:19 of 2nd period - Denis Grebeshkov is hit by Tyler Toffoli and loses puck.
1:54 of 2nd period - Dany Heatley is hit by Alexander Steen.
3:04 of 2nd period - Snap shot by Alexander Steen.
3:04 of 2nd period - Shot Blocked by Justin Schultz.
3:06 of 2nd period - Wrist shot by Alexander Steen.
3:06 of 2nd period - Deflect By Andy Miele.
3:06 of 2nd period - Stopped by Jaroslav Halak without a rebound.
3:07 of 2nd period - Gilbert Brule wins face-off versus Mikael Granlund in Lightning zone.
3:34 of 2nd period - Snap shot by Henrik Zetterberg.
3:34 of 2nd period - Shot Misses the Net.
3:40 of 2nd period - Slapshot by Tyler Johnson.
3:40 of 2nd period - Shot Misses the Net.
3:42 of 2nd period - Slapshot by Paul Ranger.
3:42 of 2nd period - Deflect By Alexander Edler.
3:42 of 2nd period - Stopped by Viktor Fasth without a rebound.
3:43 of 2nd period - Alexander Ovechkin wins face-off versus Gilbert Brule in Predators zone.
3:43 of 2nd period - Alexander Ovechkin is hit by Gilbert Brule.
4:41 of 2nd period - Snap shot by Alexander Steen.
4:41 of 2nd period - Stopped by Jaroslav Halak without a rebound.
4:42 of 2nd period - Gilbert Brule wins face-off versus Mikael Granlund in Lightning zone.
4:57 of 2nd period - Snap shot by Daniel Carcillo.
4:57 of 2nd period - Stopped by Viktor Fasth with a rebound.
5:09 of 2nd period - Ryan Mcdonagh is hit by Tyler Cuma and loses puck.
5:16 of 2nd period - Snap shot by Ryan Kesler.
5:16 of 2nd period - Stopped by Jaroslav Halak without a rebound.
5:17 of 2nd period - Ryan Kesler wins face-off versus Tyler Johnson in Lightning zone.
5:29 of 2nd period - Off-side.
5:30 of 2nd period - Tyler Johnson wins face-off versus Mikael Granlund in neutral zone.
5:33 of 2nd period - Snap shot by Henrik Zetterberg.
5:33 of 2nd period - Shot Misses the Net.
5:35 of 2nd period - Snap shot by Henrik Zetterberg.
5:35 of 2nd period - Goal by Henrik Zetterberg - Predators : 1 - Lightning : 1.
5:36 of 2nd period - Mikael Granlund wins face-off versus Tyler Johnson in neutral zone.
5:39 of 2nd period - Snap shot by Alexander Ovechkin.
5:39 of 2nd period - Deflect By Brendan Gallagher.
5:39 of 2nd period - Stopped by Jaroslav Halak without a rebound.
5:40 of 2nd period - Tyler Johnson wins face-off versus Mikael Granlund in Lightning zone.
5:40 of 2nd period - Andy Rogers is hit by Alexander Ovechkin and loses puck.
5:51 of 2nd period - Wrist shot by Mikael Granlund.
5:51 of 2nd period - Stopped by Jaroslav Halak without a rebound.
5:52 of 2nd period - Tyler Johnson wins face-off versus Mikael Granlund in Lightning zone.
5:56 of 2nd period - Off-side.
5:57 of 2nd period - Mikael Granlund wins face-off versus Tyler Johnson in neutral zone.
6:00 of 2nd period - Justin Schultz is hit by Brendan Gallagher and loses puck.
6:07 of 2nd period - Snap shot by Mikael Granlund.
6:07 of 2nd period - Shot Misses the Net.
6:31 of 2nd period - Wrist shot by Gilbert Brule.
6:31 of 2nd period - Shot Misses the Net.
6:33 of 2nd period - Snap shot by Gilbert Brule.
6:33 of 2nd period - Stopped by Viktor Fasth with a rebound.
6:35 of 2nd period - Slapshot by Gilbert Brule.
6:35 of 2nd period - Stopped by Viktor Fasth with a rebound.
6:51 of 2nd period - Snap shot by Nikita Kucherov.
6:51 of 2nd period - Stopped by Viktor Fasth with a rebound.
7:07 of 2nd period - Slapshot by Alexander Edler.
7:07 of 2nd period - Stopped by Jaroslav Halak with a rebound.
7:32 of 2nd period - Minor Penalty to Gilbert Brule for Goalie Interference.
7:33 of 2nd period - Henrik Zetterberg wins face-off versus Alexander Ovechkin in Lightning zone.
8:14 of 2nd period - Snap shot by Tyler Cuma.
8:14 of 2nd period - Stopped by Viktor Fasth with a rebound.
8:36 of 2nd period - Slapshot by John Moore.
8:36 of 2nd period - Stopped by Jaroslav Halak without a rebound.
8:37 of 2nd period - Pierre-Luc Létourneau wins face-off versus Mikael Granlund in Lightning zone.
8:37 of 2nd period - Pierre-Luc Létourneau is hit by Mikael Granlund.
9:32 of 2nd period - Penalty to Gilbert Brule is over, Gilbert Brule is back on ice.
9:37 of 2nd period - James Wright is hit by James Van Riemsdyk and loses puck.
10:00 of 2nd period - Wrist shot by Daniel Carcillo.
10:00 of 2nd period - Stopped by Viktor Fasth with a rebound.
10:32 of 2nd period - James Wright is hit by Adam Burish and loses puck.
10:37 of 2nd period - Snap shot by Alexander Steen.
10:37 of 2nd period - Stopped by Jaroslav Halak without a rebound.
10:38 of 2nd period - Tyler Johnson wins face-off versus Mikael Granlund in Lightning zone.
10:38 of 2nd period - Tyler Johnson is hit by Brendan Gallagher.
10:48 of 2nd period - Wrist shot by Brendan Gallagher.
10:48 of 2nd period - Shot Misses the Net.
10:50 of 2nd period - Wrist shot by Brendan Gallagher.
10:50 of 2nd period - Deflect By Mikael Granlund.
10:50 of 2nd period - Shot Misses the Net.
10:50 of 2nd period - Puck is out of play.
10:51 of 2nd period - Tyler Johnson wins face-off versus Alexander Ovechkin in Lightning zone.
10:51 of 2nd period - Tyler Johnson is hit by Ryan Mcdonagh.
11:30 of 2nd period - Cameron Schilling is hit by Ryan Mcdonagh and loses puck.
11:39 of 2nd period - Henrik Zetterberg is hit by Alexander Edler and loses puck.
12:19 of 2nd period - Wrist shot by Mikael Granlund.
12:19 of 2nd period - Stopped by Jaroslav Halak with a rebound.
12:36 of 2nd period - Tyler Cuma is hit by Ryan Murray and loses puck.
12:53 of 2nd period - Slapshot by Daniel Carcillo.
12:53 of 2nd period - Shot Misses the Net.
13:40 of 2nd period - Daniel Carcillo is hit by Ryan Murray and loses puck.
14:13 of 2nd period - Minor Penalty to Justin Schultz for Holding.
14:14 of 2nd period - Mikael Granlund wins face-off versus Henrik Zetterberg in Lightning zone.
14:15 of 2nd period - Snap shot by Brendan Gallagher.
14:15 of 2nd period - Shot Misses the Net.
14:17 of 2nd period - Wrist shot by Brendan Gallagher.
14:17 of 2nd period - Shot Misses the Net.
14:19 of 2nd period - Slapshot by Brendan Gallagher.
14:19 of 2nd period - Shot Blocked by Henrik Zetterberg.
14:21 of 2nd period - Slapshot by John Moore.
14:21 of 2nd period - Stopped by Jaroslav Halak with a rebound.
14:23 of 2nd period - Snap shot by Ryan Murray.
14:23 of 2nd period - Shot Blocked by Andy Rogers.
14:41 of 2nd period - Ryan Kesler is hit by Tyler Cuma and loses puck.
16:13 of 2nd period - Penalty to Justin Schultz is over, Justin Schultz is back on ice.
16:26 of 2nd period - Snap shot by Justin Schultz.
16:26 of 2nd period - Shot Blocked by Adam Burish.
16:29 of 2nd period - Icing by Nate Schmidt.
16:30 of 2nd period - Adam Burish wins face-off versus James Wright in Predators zone.
16:30 of 2nd period - Adam Burish is hit by Nikita Kucherov.
16:36 of 2nd period - Cameron Schilling is hit by Alexander Steen and loses puck.
17:21 of 2nd period - Andy Rogers is hit by Brendan Gallagher and loses puck.
17:32 of 2nd period - Slapshot by Niclas Bergfors.
17:32 of 2nd period - Shot Misses the Net.
17:34 of 2nd period - Slapshot by Ryan Murray.
17:34 of 2nd period - Stopped by Jaroslav Halak without a rebound.
17:35 of 2nd period - Tyler Johnson wins face-off versus James Van Riemsdyk in Lightning zone.
18:36 of 2nd period - Wrist shot by Niclas Bergfors.
18:36 of 2nd period - Stopped by Jaroslav Halak with a rebound.
18:38 of 2nd period - Minor Penalty to Paul Ranger for Holding.
18:39 of 2nd period - Ryan Kesler wins face-off versus Henrik Zetterberg in Lightning zone.
19:32 of 2nd period - Wrist shot by Niclas Bergfors.
19:32 of 2nd period - Shot Misses the Net.
Goals for this period are 0 for Predators vs 1 for Lightning .
Shots for this period are 12 for Predators vs 8 for Lightning .

3rd period


0:01 of 3rd period - Henrik Zetterberg wins face-off versus Mikael Granlund in neutral zone.
0:38 of 3rd period - Penalty to Paul Ranger is over, Paul Ranger is back on ice.
1:23 of 3rd period - Adam Burish is hit by Nikita Kucherov and loses puck.
1:30 of 3rd period - Andy Miele is hit by Dany Heatley and loses puck.
2:03 of 3rd period - James Wright is hit by Andy Miele and loses puck.
2:12 of 3rd period - Snap shot by Alexander Steen.
2:12 of 3rd period - Stopped by Jaroslav Halak with a rebound.
2:44 of 3rd period - Snap shot by Alexander Steen.
2:44 of 3rd period - Stopped by Jaroslav Halak with a rebound.
3:10 of 3rd period - Slapshot by John Moore.
3:10 of 3rd period - Stopped by Jaroslav Halak with a rebound.
3:12 of 3rd period - Snap shot by Adam Burish.
3:12 of 3rd period - Stopped by Jaroslav Halak with a rebound.
3:14 of 3rd period - Slapshot by Denis Grebeshkov.
3:14 of 3rd period - Shot Blocked by Justin Schultz.
3:43 of 3rd period - Snap shot by Alexander Steen.
3:43 of 3rd period - Stopped by Jaroslav Halak without a rebound.
3:44 of 3rd period - Mikael Granlund wins face-off versus Tyler Johnson in Lightning zone.
8:49 of 3rd period - Icing by Dany Heatley.
8:50 of 3rd period - Henrik Zetterberg wins face-off versus Nik Antropov in Lightning zone.
9:57 of 3rd period - Rasmus Ristolainen is hit by Ryan Kesler and loses puck.
10:16 of 3rd period - Adam Burish is hit by Theo Peckham and loses puck.
11:13 of 3rd period - Mikael Granlund is hit by Henrik Zetterberg and loses puck.
14:04 of 3rd period - John Moore is hit by James Wright and loses puck.
15:14 of 3rd period - Tyler Cuma is hit by James Van Riemsdyk and loses puck.
15:19 of 3rd period - Slapshot by Ryan Kesler.
15:19 of 3rd period - Stopped by Jaroslav Halak without a rebound.
15:20 of 3rd period - Ryan Kesler wins face-off versus Gilbert Brule in Lightning zone.
15:21 of 3rd period - Wrist shot by James Van Riemsdyk.
15:21 of 3rd period - Shot Misses the Net.
15:23 of 3rd period - Wrist shot by Ryan Mcdonagh.
15:23 of 3rd period - Shot Misses the Net.
15:25 of 3rd period - Snap shot by Ryan Kesler.
15:25 of 3rd period - Shot Misses the Net.
16:10 of 3rd period - Jon Merrill is hit by Alexander Edler and loses puck.
16:51 of 3rd period - Tyler Toffoli is hit by Dmitri Kalinin and loses puck.
17:23 of 3rd period - Nate Schmidt is hit by Pierre-Luc Létourneau and loses puck.
Goals for this period are 0 for Predators vs 0 for Lightning .
Shots for this period are 6 for Predators vs 0 for Lightning .

Overtime #1


0:01 of 1st overtime period - Mikael Granlund wins face-off versus Henrik Zetterberg in neutral zone.
0:14 of 1st overtime period - Slapshot by Tyler Johnson.
0:14 of 1st overtime period - Stopped by Viktor Fasth with a rebound.
0:46 of 1st overtime period - Snap shot by Alexander Steen.
0:46 of 1st overtime period - Shot Misses the Net.
1:10 of 1st overtime period - Snap shot by Ryan Kesler.
1:10 of 1st overtime period - Stopped by Jaroslav Halak without a rebound.
1:11 of 1st overtime period - Niclas Bergfors wins face-off versus Dany Heatley in Lightning zone.
1:14 of 1st overtime period - Snap shot by Niclas Bergfors.
1:14 of 1st overtime period - Goal by Niclas Bergfors - Predators : 2 - Lightning : 1.
Goals for this period are 1 for Predators vs 0 for Lightning .
Shots for this period are 2 for Predators vs 1 for Lightning .